 Dungeon Crawl Stone Soup version 0.31.0-11-ge490571c62 (webtiles) character file.

Game seed: 3876325762197893749

29 hawla the Chopper (level 3, 0/33 HPs)
             Began as a Hill Orc Monk on Jan 28, 2024.
             Succumbed to an adder's poison
             ... on level 2 of the Dungeon.
             The game lasted 00:02:48 (819 turns).

hawla the Chopper (Hill Orc Monk)                    Turns: 819, Time: 00:02:49

Health: 0/33       AC:  4    Str: 21    XL:     3   Next: 16%
Magic:  3/3        EV: 12    Int: 10    God:
Gold:   52         SH:  0    Dex: 13    Spells: 2/2 levels left

rFire   . . .        a - +0 hand axe
rCold   . . .        (no shield)
rNeg    . . .        j - +0 leather armour
rPois   .            (no helmet)
rElec   .            (no cloak)
rCorr   .            (no gloves)
SInv    .            i - +0 pair of boots
Will    .....        (no amulet)
Stlth   +            d - +6 ring of strength
HPRegen 0.25/turn    (no ring)
MPRegen 0.08/turn

%: no passive effects
@: lethally poisoned (0 -> -5), hasted, very quick
A: no striking features
a: no special abilities


You were on level 2 of the Dungeon.
You visited 1 branch of the dungeon, and saw 2 of its levels.

You collected 52 gold pieces.

Inventory:

Hand Weapons
 a - a +0 hand axe (weapon)
Armour
 i - a +0 pair of boots (worn)
 j - a +0 leather armour (worn)
Jewellery
 d - a +6 ring of strength (left hand)
Scrolls
 e - a scroll of teleportation {unknown}
 g - 3 scrolls of identify {unknown}
 h - a scroll of poison {unknown}


   Skills:
 + Level 4.2 Fighting
 + Level 4.5 Axes
 + Level 2.8 Dodging


You had 2 spell levels left.
You didn't know any spells.
Your spell library contained the following spells:

 Spells                   Type           Power      Damage    Failure   Level
 Call Imp                 Summ           0%         N/A       54%         2
 Sublimation of Blood     Necr           0%         N/A       54%         2
 Summon Hydra             Summ           0%         N/A       100%        7


Dungeon Overview and Level Annotations

Branches:
Dungeon (2/15)

Altars:


Message History

You closely miss the adder.
The adder is heavily wounded.
You feel sick. The adder closely misses you. The adder bites you.
* * * LOW HITPOINT WARNING * * *
You are lethally poisoned!
The adder poisons you!
You miss the adder.
The adder is heavily wounded.
* * * LOW HITPOINT WARNING * * *
You feel sick. The adder closely misses you.
It was a potion of haste.
You feel yourself speed up.
* * * LOW HITPOINT WARNING * * *
You feel sick. The adder bites you but does no damage.
The adder barely misses you.
Okay, then.
* * * LOW HITPOINT WARNING * * *
You feel sick.
* * * LOW HITPOINT WARNING * * *
You feel sick.
You are confused.
You feel invigorated.
You feel sick. The adder bites you.
* * * LOW HITPOINT WARNING * * *
You bump into the rock wall.
The adder bites you.
* * * LOW HITPOINT WARNING * * *
You feel sick.
You feel less invigorated.
You feel less confused.
You feel sick. The adder bites you.
* * * LOW HITPOINT WARNING * * *
You are lethally poisoned!
The adder poisons you!
You hit the adder.
The adder is heavily wounded.
* * * LOW HITPOINT WARNING * * *
You feel sick. The adder bites you.
* * * LOW HITPOINT WARNING * * *
You barely miss the adder.
The adder is heavily wounded.
You die...

#...... .....# ....# ### #..#
....###.###### .............#
##.###...###.# #. #....##.#######
##. ##..#####@.........[. ....#
#.. #....S........... ....#
##.##..####.##########
....###.... #.## ....##...#
#..####### .....##.<###
#........# .#. <..........###
#........# #.#. >......###...#
#........#####...
.......#####.####...........##..#


You could see an adder.

Vanquished Creatures
  A dart slug (D:2)
  5 bats
  3 endoplasms (D:1)
  2 goblins
  4 hobgoblins (D:1)
  A quokka (D:2)
  4 ball pythons
  2 frilled lizards
  2 kobolds (D:1)
  A rat (D:1)
25 creatures vanquished.

Notes
Turn   | Place    | Note
-------+----------+-------------------------------------------
     0 | D:1      | hawla the Hill Orc Monk began the quest for the Orb.
     0 | D:1      | Reached XP level 1. HP: 19/19 MP: 1/1
   136 | D:1      | Reached XP level 2. HP: 27/27 MP: 2/2
   644 | D:2      | Reached XP level 3. HP: 26/33 MP: 3/3
   818 | D:2      | HP: 1/33 [adder (4)]
   819 | D:2      | Succumbed to an adder's poison

Illustrated notes

Levels and vault maps discovered:
D:1:      minmay_arrival_glassed_features, layout_basic, kennysheep_boxes
D:2:      layout_rooms

Skill      XL: |  1  2 |
---------------+-------+-----
Fighting       | 4 |  4.2
Axes           | |  4.5
Dodging        | |  2.8

Action                     || total
---------------------------++-------
  Melee: Hand axe          ||    87
         Punch             ||     1
    Use: Potion            ||     2
   Stab: Sleeping          ||     1
 Armour: Robe              ||    16
         Leather armour    ||    37
  Dodge: Dodged            ||    69
